cohdb
Replays
Latest Replays
All Replays
Popular Replays
Top Player Replays
Match Explorer
How It Works
Community
CoH3 Stats
Reddit
Sign in to upload your games and track your stats! →
Sign in with Steam
Match 44706083
Unlisted
Match 44706083
Overview
Messages
Build Orders
End
Selects Air and Sea Battlegroup
Vickers Machine Gun Team
Construct Section Command Post
Infantry Section
Infantry Section
Infantry Section
Grenade Package
Selects Supply Surplus
Construct Field Infirmary
Forward Retreat Point
Construct Platoon Command Post
Construct Company Command Post
Infantry Training
Foot Guards Section
Selects UNKNOWN (223837)
Construct Resource Cache
Construct Resource Cache
Construct Resource Cache
Royal Engineer Section
Unlock M3 Grant Medium Tanks
Construct Resource Cache
M3 Grant Medium Tank
Selects Naval Bombardment
M3 Grant Medium Tank
Armored Vehicle Training
M3 Grant Medium Tank
Selects Commando Section Paradrop
Selects Commando Support Section Paradrop
Naval Bombardment
M3 Grant Medium Tank
random
Sytrix
n0rmalny
lplp4943718
Kim jong UN
凶手就在我们中间!
max
Aaasam
0
0
Comments
sign in to comment!
No comments posted yet!